 Dungeon Crawl Stone Soup version 0.29.1-2-gbd0b4ee654 (webtiles) character file.

Game seed: 6775195146062110519

135 GorkyZ the Ducker (level 4, -7/34 HPs)
             Began as a Demonspawn Gladiator on Nov 20, 2022.
             Mangled by an ice beast (18 damage)
             ... on level 3 of the Dungeon.
             The game lasted 00:06:57 (2040 turns).

GorkyZ the Ducker (Demonspawn Gladiator)            Turns: 2040, Time: 00:06:57

Health: -7/34      AC: 10    Str: 16    XL:     4   Next: 97%
Magic:  4/4        EV: 10    Int: 10    God:
Gold:   43         SH:  0    Dex: 14    Spells: 3/3 levels left

rFire   + . .      SeeInvis +   a - +0 war axe
rCold   x . .      Faith    .   (no shield)
rNeg    . . .      Spirit   .   t - +0 scale mail
rPois   .          Reflect  .   c - +0 helmet
rElec   .          Harm     .   (no cloak)
rCorr   .          Rampage  .   v - +0 pair of gloves of the Harvest Moon {Fly rF+ rC- SInv}
Will    .....                   (no boots)
Stlth   ..........              j - amulet of the acrobat
HPRegen 0.11/turn               (no ring)
MPRegen 0.09/turn               (no ring)

@: flying
A: molten scales 1, demonic touch 1
a: no special abilities


You were on level 3 of the Dungeon.
You visited 1 branch of the dungeon, and saw 3 of its levels.

You collected 43 gold pieces.

Inventory:

Hand Weapons
 a - a +0 war axe (weapon)
Missiles
 d - 3 throwing nets (quivered)
 e - a javelin
Armour
 b - a +0 leather armour
 c - a +0 helmet (worn)
 f - a +0 helmet
 l - a +0 pair of gloves
 q - the +0 robe "Giuc" {+Inv}
   (You found it on level 2 of the Dungeon)

   +Inv:      It lets you turn invisible.
 t - a +0 scale mail (worn)
 v - the +0 pair of gloves of the Harvest Moon (worn) {Fly rF+ rC- SInv}
   (You found it on level 3 of the Dungeon)

   rF:        It protects you from fire.
   rC:        It makes you vulnerable to cold.
   SInv:      It lets you see invisible.
   Fly:       It grants you flight.
Jewellery
 j - an amulet of the acrobat (around neck)
Wands
 s - a wand of mindburst (21)
 w - a wand of digging (5)
Scrolls
 g - 4 scrolls of teleportation {unknown}
 h - 5 scrolls of identify {unknown}
 k - a scroll of fear {unknown}
 m - 2 scrolls of magic mapping {unknown}
 n - a scroll of vulnerability {unknown}
 r - 2 scrolls of immolation {unknown}
 u - a scroll of enchant armour {unknown}
 x - a scroll of summoning {unknown}
Potions
 i - 3 potions of heal wounds {unknown}
 o - 2 potions of mutation {unknown}
 p - a potion of curing {unknown}


   Skills:
 + Level 2.8 Fighting
 - Level 2.6 Axes
 + Level 2.6 Throwing
 + Level 1.6 Armour
 + Level 3.3 Dodging
 + Level 1.9 Evocations


You had 3 spell levels left.
You didn't know any spells.
Your spell library was empty.

Dungeon Overview and Level Annotations

Branches:
Dungeon (3/15)

Altars:
Sif Muna


Innate Abilities, Weirdness & Mutations

You are partially covered in molten scales. (AC +2)
Your touch may inflict minor irresistible damage on your foes.


Message History

Terence shouts!
An ice beast comes into view.
Terence closely misses you.
You barely miss Terence. You punch Terence, but do no damage.
Terence barely misses you.
You slash Terence!
Terence is moderately wounded.
Terence hits you with a +1 flail of protection. x2
You slash Terence!
Terence is almost dead.
Terence barely misses you.
You completely miss Terence.
You touch Terence.
You kill Terence!
You hit the ice beast.
You touch the ice beast.
The ice beast is heavily wounded.
The ice beast barely misses you.
The ice beast hits you but does no damage.
You barely miss the ice beast. Your touch misses the ice beast.
The ice beast is heavily wounded.
The ice beast hits you but does no damage.
You hit the ice beast.
The ice beast is severely wounded.
The ice beast hits you but does no damage.
You closely miss the ice beast.
The ice beast is severely wounded.
The ice beast barely misses you. The ice beast hits you.
The ice beast freezes you!
You feel a terrible chill!
You are too injured to fight recklessly!
You are too injured to fight recklessly!
You are too injured to fight recklessly!
You are too injured to fight recklessly!
You are too injured to fight recklessly!
You are too injured to fight recklessly!
You are too injured to fight recklessly!
You are too injured to fight recklessly!
You barely miss the ice beast.
The ice beast is severely wounded.
The ice beast hits you. The ice beast freezes you!!
You feel a terrible chill!
Ouch! That really hurt!
You die...

...###.#.# ....
.#.##..#.##..#.# ...
[#.#........##.# ...#
.>....##.#####.# ##....
.....###.## #.# ......
....##
#..####.###...... .#..#
##...##.#........
##...######.##........#
##.#............@Y..#
#......####.##....##..#
........###.....####.#
................# ..#
..........##....###.#
..........##........#
.........###.......#
.....†....#........#
....†........<.....#


You could see an ice beast.

Vanquished Creatures
  Terence (D:3)
  3 gnolls (D:2)
  3 adders (D:2)
  2 worms
  A dart slug (D:2)
  A ball python (D:3)
  5 bats
  8 endoplasms
  3 goblins
  3 hobgoblins
  6 jackals
  4 quokkas
  4 frilled lizards
  3 kobolds
  3 rats
50 creatures vanquished.

Notes
Turn   | Place    | Note
-------+----------+-------------------------------------------
     0 | D:1      | GorkyZ the Demonspawn Gladiator began the quest for the
                  | Orb.
     0 | D:1      | Reached XP level 1. HP: 16/16 MP: 1/1
   289 | D:1      | Gained mutation: You are partially covered in molten
                  | scales. (AC +2) [demonic ancestry]
   289 | D:1      | Reached XP level 2. HP: 20/22 MP: 2/2
   399 | D:1      | Found a faded altar of an unknown god.
   758 | D:2      | Reached skill level 1 in Evocations
   758 | D:2      | Gained mutation: Your touch may inflict minor irresistible
                  | damage on your foes. [demonic ancestry]
   758 | D:2      | Reached XP level 3. HP: 13/28 MP: 3/3
   931 | D:2      | Reached skill level 1 in Armour
   931 | D:2      | Reached skill level 3 in Dodging
  1204 | D:2      | Reached XP level 4. HP: 34/34 MP: 4/4
  1243 | D:2      | Found a shimmering blue altar of Sif Muna.
  1438 | D:2      | Identified the +0 robe "Giuc" {+Inv}
  1900 | D:3      | Identified the +0 pair of gloves of the Harvest Moon {Fly
                  | rF+ rC- SInv}
  2028 | D:3      | Noticed Terence
  2031 | D:3      | Noticed an ice beast
  2035 | D:3      | Killed Terence
  2040 | D:3      | Mangled by an ice beast

Illustrated notes

Levels and vault maps discovered:
D:1:      tarquinn_simple_flora_water_f, layout_basic, basic_ecumenical_altar,
          nicolae_concentric_dashed_squares_wild, minmay_misc_feat_room,
          minmay_misc_feat_tower
D:2:      layout_loops_ring, basic_altar
D:3:      layout_rooms, elyvilon_altar_5, yredelemnul_forgotten_temple_becter,
          uniq_terence

Skill      XL: |  1  2  3 |
---------------+----------+-----
Throwing       | 2 |  2.6
Evocations     | 1 |  1.9
Armour         | 1 |  1.6
Dodging        | 3 |  3.3
Fighting       | |  2.8
Axes           | |  2.6

Action                   |  1- 3 |  4- 6 || total
-------------------------+-------+-------++-------
Melee: War axe           |    64 |    60 ||   124
       Punch             |     1 |     1 ||     2
       Touch             |     3 |     8 ||    11
 Stab: Sleeping          |     2 |       ||     2
Armor: Leather armour    |    27 |    12 ||    39
       Scale mail        |       |    16 ||    16
       Robe              |       |     1 ||     1
Dodge: Dodged            |    46 |    49 ||    95
